 Dungeon Crawl Stone Soup version 0.31-a0-217-g58bb5d79cf (webtiles) character file.

Game seed: 5572251520227632033

11 qw the Shield-Bearer (level 2, -5/19 HPs)
             Began as a Gargoyle Fighter on July 3, 2023.
             Slain by a gnoll
             ... wielding a +0 flail
              (6 damage)
             ... on level 1 of the Dungeon.
             The game lasted 00:00:04 (143 turns).

qw the Shield-Bearer (Gargoyle Fighter)              Turns: 143, Time: 00:00:05

Health: -5/19      AC:  9    Str: 19    XL:     2   Next: 29%
Magic:  2/2        EV:  9    Int:  8    God:
Gold:   0          SH:  4    Dex:  9    Spells: 1/1 levels left

rFire   . . .        a - +0 war axe
rCold   . . .        c - +0 buckler
rNeg    + . .        b - +0 scale mail
rPois   inf          (no helmet)
rElec   +            (no cloak)
rCorr   .            (no gloves)
SInv    .            (no boots)
Will    .....        (no amulet) Stlth
                     (no ring)
HPRegen 0.23/turn    (no ring)
MPRegen 0.08/turn

%: no passive effects
@: no status effects
A: sickness immunity, AC +2, negative energy resistance 1, electricity
resistance, torment resistance 1, petrification resistance
a: no special abilities


You were on level 1 of the Dungeon.
You visited 1 branch of the dungeon, and saw 1 of its levels.


Innate Abilities, Weirdness & Mutations

You are immune to sickness and miasma.
Your stone body is resilient. (AC +2)
You are immune to poison.
You resist negative energy. (rN+)
You are resistant to electric shocks. (rElec)
You are resistant to unholy torment.
You are immune to petrification.


   Skills:
 - Level 3.2 Fighting
 + Level 2.6 Axes
 - Level 3.2 Armour
 - Level 3.2 Shields


You had one spell level left.
You didn't know any spells.
Your spell library was empty.

Inventory:

Hand Weapons
 a - a +0 war axe (weapon)
Armour
 b - a +0 scale mail (worn)
 c - a +0 buckler (worn)
Scrolls
 f - a scroll of enchant weapon {unknown}
Potions
 d - a potion of might
 e - a potion of cancellation {unknown}

Dungeon Overview and Level Annotations

Branches:
Dungeon (1/15)

Altars:


Message History

The jackal is severely wounded.
You closely miss the giant cockroach.
The giant cockroach bites you but does no damage.
The jackal bites you. The giant cockroach closely misses you.
You closely miss the jackal.
The jackal is severely wounded.
You slash the giant cockroach!
You kill the giant cockroach!
The jackal barely misses you. You block the jackal's attack.
The jackal closely misses you.
You slash the jackal!
You kill the jackal!
You start resting.
HP restored.
You see here a jackal corpse.
Things that are here:
a giant cockroach corpse; a jackal corpse
e - an amethyst potion
Enter note:
Found 6 stones.
Enter note: You see here 6 stones.
f - a scroll labelled GEFIVUTOIX
Enter note: A rat comes into view.
Enter note: You slash the rat!
You kill the rat!
A gnoll comes into view. It is wielding a +0 flail.
The gnoll shouts!
Enter note: You barely miss the gnoll.
The gnoll hits you with a +0 flail. x2
You hit the gnoll but do no damage. The gnoll hits you with a +0 flail.
You barely miss the gnoll. The gnoll hits you with a +0 flail!
You completely miss the gnoll. The gnoll hits you with a +0 flail.
You die...

####.######...#
.....# #.#.#
###########.#.#
#.......#.#
#.#######.#
#######.#####
#...........#
#.#####.###.####
##### #...@....#
......
#####g##....
...... .# #
...... .# ......
.# ..... .#
.7.7.7 .# ......
.# ......


You could see a gnoll.

Vanquished Creatures
  A giant cockroach (D:1)
  7 jackals (D:1)
  A rat (D:1)
9 creatures vanquished.

Notes
Turn   | Place    | Note
-------+----------+-------------------------------------------
     0 | D:1      | qw the Gargoyle Fighter began the quest for the Orb.
     0 | D:1      | Reached XP level 1. HP: 14/14 MP: 1/1
     0 | D:1      | 0 ||| qw: Version: 0.3-a-40-ge99b1a8
     0 | D:1      | 0 ||| qw: Game counter: 289
     0 | D:1      | 0 ||| qw: Melee chars always use a shield: true
     0 | D:1      | 0 ||| qw: God list: Okawaru
     0 | D:1      | 0 ||| qw: Allow faded altars: false
     0 | D:1      | 0 ||| qw: Do Orc after clearing Dungeon:15 true
     0 | D:1      | 0 ||| qw: Do second Lair branch before Depths: true
     0 | D:1      | 0 ||| qw: Lair rune preference: random
     0 | D:1      | 0 ||| qw: Goals: Normal, Zot:1-4, Slime:5, God:TSO, Crypt,
                  | Tomb, Abyss, Pan, Hells, Win
     0 | D:1      | 0 ||| PLANNING D:1-11
    79 | D:1      | Reached XP level 2. HP: 15/19 MP: 2/2
   142 | D:1      | HP: 1/19 [gnoll/+0 flail (9)]
   143 | D:1      | Slain by a gnoll

Levels and vault maps discovered:
D:1:      wander_arrival_estate, layout_loops_ring

Skill      XL: |  1 |
---------------+----+-----
Axes           | 2 |  2.6
Fighting       | |  3.2
Armour         | |  3.2
Shields        | |  3.2

Action                     || total
---------------------------++-------
  Melee: War axe           ||    22
 Armour: Scale mail        ||    18
  Dodge: Dodged            ||    12
  Block: Buckler           ||     4

Table legend:
 A = Non-vault XP
 B = Vault XP
 C = Vault XP percentage of total XP
 D = Non-vault monster count
 E = Vault monster count
 F = Vault count percentage of total count
                 A         B        C        D         E       F
            +---------+---------+-------+---------+---------+-------
      Total |      17 |       0 |   0.0 |       9 |       0 |   0.0
            +---------+---------+-------+---------+---------+-------
        D:1 |      17 |       0 |   0.0 |       9 |       0 |   0.0
            +---------+---------+-------+---------+---------+-------
